 Dungeon Crawl Stone Soup version 0.20.0-8-g6b59dc7 (webtiles) character file.

99 Chiseanne the Magician (level 4, 0/45 HPs)
             Began as a Demonspawn Wizard on May 30, 2017.
             Succumbed to a scorpion's poison
             ... on level 3 of the Dungeon.
             The game lasted 00:06:23 (3245 turns).

Chiseanne the Magician (Demonspawn Wizard)          Turns: 3245, Time: 00:06:23

Health: 0/45       AC:  3    Str: 13    XL:     4   Next: 45%
Magic:  2/10       EV: 12    Int: 20    God:
Gold:   129        SH:  0    Dex: 11    Spells: 2/11 levels left

rFire    . . .     SeeInvis .   a - +1 falchion
rCold    . . .     Gourm    .   (no shield)
rNeg     . . .     Faith    .   l - +0 robe
rPois    .         Spirit   +   n - +0 helmet
rElec    .         Reflect  .   (no cloak)
rCorr    .         Harm     .   (no gloves)
MR       .....                  (no boots)
Stlth    ..........             (no amulet)
Regen    0.2/turn               (no ring)
MPRegen  0.3/turn               (no ring)

@: berserking, lethally poisoned (0 -> -9), very quick
A: magic shield, magic regeneration
a: no special abilities


You were on level 3 of the Dungeon.
You were not hungry.

You visited 1 branch of the dungeon, and saw 3 of its levels.

You collected 129 gold pieces.

Inventory:

Hand Weapons
 a - a +1 falchion (weapon)
Missiles
 e - 69 stones (quivered)
 f - 5 tomahawks
 m - 6 poisoned needles
 o - 19 arrows
 q - 16 bolts
Armour
 g - a +0 shield
 l - a +0 robe (worn)
 n - a +0 helmet (worn)
Jewellery
 p - an uncursed ring of ice {unknown}
 r - an uncursed amulet of regeneration {unknown}
Scrolls
 i - a scroll of blinking
 s - a scroll of teleportation
Potions
 h - a potion of resistance {unknown}
 j - a potion of might {unknown}
Comestibles
 c - a chunk of flesh
 d - a bread ration
 k - a royal jelly


   Skills:
 - Level 1.7 Dodging
 - Level 1.7 Stealth
 * Level 4.0 Spellcasting
 * Level 3.1 Conjurations
   Level 1.0 Summonings
 - Level 0.8 Translocations


You had 2 spell levels left.
You knew the following spells:

 Your Spells              Type           Power        Failure   Level  Hunger
a - Magic Dart            Conj           ###.         3%          1    None
b - Blink                 Tloc           N/A          14%         2    #......
c - Conjure Flame         Conj/Fire      ##......     21%         3    ###....
d - Mephitic Cloud        Conj/Pois/Air  #.......     26%         3    ###....


Dungeon Overview and Level Annotations

Branches:
Dungeon (3/15)

Altars:
Ashenzari
Nemelex Xobeh
Okawaru
Sif Muna

Annotations:
D:2 Terence


Innate Abilities, Weirdness & Mutations

When hurt, damage is shared between your health and your magic reserves.
You regenerate magic rapidly.


Message History

You closely miss the scorpion.
The scorpion is almost dead.
* * * LOW HITPOINT WARNING * * *
You feel sick.
You slash the scorpion!
You kill the scorpion!
Your Spellcasting skill increases to level 4!
Your Conjurations skill increases to level 3!
You have reached level 4!
You feel stronger.
Your demonic ancestry asserts itself...
You feel your magic shroud grow more resilient.
* * * LOW HITPOINT WARNING * * *
You feel sick.
You are too berserk!
* * * LOW HITPOINT WARNING * * *
You feel sick. The rat bites you but does no damage.
You closely miss the rat. The rat misses you.
You slash the rat!
You kill the rat!
You die...

..#'#
#####....#### #.#.
#....# ##.#. ###
#....# # .... ..#
#.#### .#... #.#
#.# .... #.# #.#
#.. #.# #.#
#.###.#####.#
#..†@.......#
.......###.#######
##.#######.#
.........#
##########


There were no monsters in sight!

Vanquished Creatures
  A scorpion (D:3)
  A worm (D:3)
  2 leopard geckos (D:3)
  4 orcs (D:3)
  A giant cockroach (D:2)
  6 goblins
  5 hobgoblins
  4 jackals (D:2)
  5 bats
  6 frilled lizards
  A kobold (D:3)
  4 rats
40 creatures vanquished.

Notes
Turn   | Place    | Note
-------+----------+-------------------------------------------
     0 | D:1      | Chiseanne the Demonspawn Wizard began the quest for the Orb.
     0 | D:1      | Reached XP level 1. HP: 13/13 MP: 4/4
   513 | D:1      | Found an iron altar of Okawaru.
  1014 | D:1      | Gained mutation: When hurt, damage is shared between your health and your magic reserves. [demonic ancestry]
  1014 | D:1      | Reached XP level 2. HP: 16/19 MP: 0/6
  1647 | D:2      | Found a deep blue altar of Sif Muna.
  1651 | D:2      | Learned a level 2 spell: Blink
  1704 | D:2      | Found a sparkling altar of Nemelex Xobeh.
  2012 | D:2      | Found a shattered altar of Ashenzari.
  2064 | D:2      | Noticed Terence
  2499 | D:3      | Reached XP level 3. HP: 24/24 MP: 4/7
  2897 | D:3      | Learned a level 3 spell: Conjure Flame
  2901 | D:3      | Learned a level 3 spell: Mephitic Cloud
  3223 | D:3      | Noticed a scorpion
  3242 | D:3      | Killed a scorpion
  3242 | D:3      | Reached skill level 4 in Spellcasting
  3242 | D:3      | Gained mutation: You regenerate magic rapidly. [demonic ancestry]
  3242 | D:3      | Reached XP level 4. HP: 3/30 MP: 1/10
  3242 | D:3      | HP: 2/45 [poisoned by a scorpion]
  3245 | D:3      | Succumbed to a scorpion's poison

Skill      XL: |  1  2  3 |
---------------+----------+-----
Conjurations   | 2 3 |  3.1
Spellcasting   | 4 |  4.0
Dodging        | |  1.7
Stealth        | |  1.7
Summonings     | |  1.0
Translocations | |  0.8

Action                   |  1- 3 |  4- 6 || total
-------------------------+-------+-------++-------
Melee: Falchion          |    30 |     2 ||    32
       Hand axe          |     3 |       ||     3
       Unarmed           |     3 |       ||     3
Throw: Tomahawk          |     6 |       ||     6
 Cast: Magic Dart        |   108 |       ||   108
  Use: Scroll            |     4 |       ||     4
       Potion            |     1 |       ||     1
  Eat: Chunk             |     7 |       ||     7
Armor: Robe              |    10 |     1 ||    11
Dodge: Dodged            |    35 |     1 ||    36
       Rpst.: Falchion   |     8 |       ||     8
